 Dungeon Crawl Stone Soup version 0.23.2-1-ga50397a6bc (webtiles) character file.

Game seed: 628566576895926431

12827 Lamtest the Severer (level 11, -1/102 HPs)
             Began as a Minotaur Berserker on Apr 28, 2019.
             Was a High Priest of Trog.
             Slain by an ice devil (7 damage)
             ... in an ice cave.
             The game lasted 00:39:04 (8444 turns).

Lamtest the Severer (Minotaur Berserker)            Turns: 8444, Time: 00:39:05

Health: -1/102     AC: 24    Str: 27    XL:     11   Next: 67%
Magic:  10/10      EV: 11    Int:  4    God:    Trog [*****.]
Gold:   679        SH:  0    Dex: 11    Spells: 10/10 levels left

rFire    . . .     SeeInvis .   P - +0 broad axe
rCold    + . .     Gourm    .   (no shield)
rNeg     . . .     Faith    .   B - +3 chain mail {rC+}
rPois    .         Spirit   .   (helmet restricted)
rElec    .         Reflect  .   y - +0 cloak
rCorr    .         Harm     .   a - +1 pair of gloves {Str+3}
MR       ++...                  x - +0 pair of boots
Stlth    ..........             l - amulet of regeneration
HPRegen  1.67/turn              p - +1 ring of protection
MPRegen  0.12/turn              D - +3 ring of protection

@: regenerating
A: retaliatory headbutt, horns 2
a: Berserk, Trog's Hand, Brothers in Arms, Renounce Religion


You were in an ice cave.
You worshipped Trog.
Trog was extremely pleased with you.
You were not hungry.

You visited 1 branch of the dungeon, and saw 11 of its levels.
You also visited: Bailey and Ice Cave.

You collected 679 gold pieces.

Inventory:

Hand Weapons
 N - a +7 hunting sling of freezing
 P - a +0 broad axe (weapon)
Armour
 a - a +1 pair of gloves of strength (worn)
 x - a +0 pair of boots (worn)
 y - a +0 cloak (worn)
 B - a +3 chain mail of cold resistance (worn)
 K - a cursed +0 plate armour
 Q - the +2 hat of Pessimism {Int+4, unknown}
   (You found it in an ice cave)

   It affects your intelligence (+4).
Jewellery
 l - an amulet of regeneration (around neck)
 p - a +1 ring of protection (left hand)
 r - an uncursed amulet of the gourmand
 D - a +3 ring of protection (right hand)
 M - an uncursed ring of protection from cold {unknown}
Wands
 u - a wand of disintegration (12)
 C - a wand of polymorph (21)
 H - a wand of paralysis (3)
 J - a wand of digging (5)
Scrolls
 b - a scroll of random uselessness {unknown}
 f - 5 scrolls of fog {unknown}
 i - 3 scrolls of teleportation
 j - a scroll of fear {unknown}
 k - 5 scrolls of magic mapping
 m - a scroll of noise {unknown}
 n - a scroll of blinking
 q - 8 scrolls of remove curse
 w - 3 scrolls of amnesia {unknown}
 z - a scroll of silence {unknown}
 L - 2 scrolls of brand weapon {unknown}
 O - a scroll of immolation {unknown}
Potions
 d - 3 potions of might {unknown}
 e - a potion of lignification {unknown}
 g - 3 potions of degeneration {unknown}
 h - 2 potions of curing
 o - 3 potions of resistance {unknown}
 s - 2 potions of heal wounds {unknown}
 t - a potion of mutation {unknown}
 v - 2 potions of brilliance {unknown}
 E - 2 potions of ambrosia {unknown}
 F - a potion of magic {unknown}
 G - a potion of agility
Comestibles
 c - 22 rations


   Skills:
 + Level 11.5 Fighting
 + Level 15.1 Axes
 + Level 10.8 Armour
 + Level 5.4 Dodging


You had 10 spell levels left.
You didn't know any spells.
Your spell library was empty.

Dungeon Overview and Level Annotations

Branches:
Dungeon (11/15)            Temple (0/1) D:4
   Lair: D:8-11         Orc: D:9-12

Altars:
Dithmenos
Makhleb
Nemelex Xobeh
Wu Jian
Xom

Portals:
Trove: D:10 (show slimy rune of Zot)

Annotations:
IceCv exclusion: 2 ice statues


Innate Abilities, Weirdness & Mutations

You reflexively headbutt those who attack you in melee.
You have a pair of horns on your head.


Message History

You headbutt the ice devil, but do no damage.
The ice devil hits you but does no damage.
The ice devil hits you!
* * * LOW HITPOINT WARNING * * *
The ice devil freezes you. You resist.
* * * LOW HITPOINT WARNING * * *
You slash the ice devil!
The ice devil is almost dead.
You closely miss the ice devil. You hit the ice devil but do no damage.
You feel the effects of Trog's Hand fading.
The ice devil hits you but does no damage. x3
You slice the ice devil!!
You kill the ice devil!
Trog accepts your kill.
You hit the ice devil. You hit the ice devil but do no damage.
The ice devil barely misses you.
You hit the ice devil but do no damage.
The ice devil is almost dead.
You closely miss the ice devil. The ice devil hits you!
You die...

###### ###....###
##........###
##....###....##
#...###.###...###
#...##....####.@##
####..##.....##4°4#
#............###§§#
.......##..[##○☼§##
..###########○°§##
### #.☼§## #≈☼○###
☼§§☼# .☼○°§


You could see 2 ice devils.

Vanquished Creatures
  A great orb of eyes (D:10)
  A two-headed ogre (D:9)
  A glowing orange brain (D:10)
  2 ice devils (IceCv)
  4 trolls
  A hornet (D:7)
  7 slime creatures (D:10)
  Sigmund (D:2)
  2 hippogriffs (D:9)
  13 yaks
  A hungry ghost (D:11)
  2 steam dragons (D:7)
  Duvessa (D:6)
  5 orc warriors
  2 sky beasts (D:9)
  5 ogres
  4 phantoms
  4 ice beasts
  3 centaurs
  A big kobold (D:7)
  6 bullfrogs
  A wyvern zombie (D:10)
  Dowan (D:6)
  4 scorpions
  11 killer bees
  5 wights (D:10)
  A howler monkey (D:8)
  A bullfrog zombie (D:11)
  A crimson imp (D:9)
  A centaur zombie (D:8)
  5 jellies
  5 hounds
  5 orc priests
  6 orc wizards
  A centaur skeleton (D:7)
  A bullfrog skeleton (D:10)
  4 iguanas
  Ijyb (D:3)
  Terence (D:3)
  9 worker ants
  A howler monkey zombie (D:10)
  A worker ant zombie (D:10)
  4 gnolls (D:7)
  12 adders
  19 white imps
  8 ufetubi (IceCv)
  An ooze (D:3)
  3 worms (D:3)
  A dart slug (D:3)
  6 leopard geckos
  28 orcs
  A ball python (D:5)
  2 giant cockroaches
  7 hobgoblins
  6 jackals
  7 quokkas
  3 bats
  A frilled lizard (D:1)
  13 goblins
  A jackal skeleton (D:5)
  8 kobolds
  A rat (D:1)
  3 fungi (D:7)
268 creatures vanquished.

Vanquished Creatures (others)
  3 white imps (IceCv)
  4 ufetubi (IceCv)
  2 fungi (D:7)
9 creatures vanquished.

Grand Total: 277 creatures vanquished

Notes
Turn   | Place    | Note
-------+----------+-------------------------------------------
     0 | D:1      | Lamtest the Minotaur Berserker began the quest for the Orb.
     0 | D:1      | Reached XP level 1. HP: 19/19 MP: 0/0
   114 | D:1      | Reached XP level 2. HP: 26/27 MP: 1/1
   142 | D:1      | Reached skill level 4 in Axes
   662 | D:2      | Noticed Sigmund
   672 | D:2      | Killed Sigmund
   672 | D:2      | Reached ** piety under Trog
   672 | D:2      | Reached skill level 5 in Fighting
   672 | D:2      | Reached skill level 5 in Axes
   672 | D:2      | Reached XP level 3. HP: 9/36 MP: 2/2
   672 | D:2      | Reached XP level 4. HP: 10/42 MP: 3/3
   672 | D:2      | Reached XP level 5. HP: 12/48 MP: 4/4
  1568 | D:3      | Found a glowing drain.
  1569 | D:3      | Noticed Ijyb
  1598 | D:3      | Killed Ijyb
  1598 | D:3      | Reached XP level 6. HP: 19/56 MP: 5/5
  1673 | D:3      | Reached skill level 6 in Axes
  1719 | D:3      | Noticed Terence
  1727 | D:3      | Killed Terence
  2519 | D:4      | Found a staircase to the Ecumenical Temple.
  2661 | D:4      | Found a sparkling altar of Nemelex Xobeh.
  2694 | D:4      | Reached XP level 7. HP: 62/62 MP: 6/6
  2706 | D:4      | Reached *** piety under Trog
  2706 | D:4      | Reached skill level 7 in Axes
  3087 | D:5      | Entered Level 5 of the Dungeon
  3197 | D:5      | Reached skill level 5 in Armour
  3757 | D:6      | Reached skill level 8 in Axes
  3811 | D:6      | Reached XP level 8. HP: 56/71 MP: 7/7
  4038 | D:6      | Noticed Dowan
  4040 | D:6      | Noticed Duvessa
  4043 | D:6      | Killed Dowan
  4049 | D:6      | Killed Duvessa
  4241 | D:6      | Reached skill level 9 in Axes
  4366 | D:6      | Found an ornate altar of the Wu Jian Council.
  4608 | D:7      | Reached **** piety under Trog
  4731 | D:7      | Reached skill level 10 in Axes
  4775 | D:7      | Reached XP level 9. HP: 81/81 MP: 8/8
  4862 | D:7      | Found a shimmering altar of Xom.
  4864 | D:7      | Found a burning altar of Makhleb.
  5141 | D:7      | Paralysed by a hornet for 3 turns
  5146 | D:7      | Paralysed by a hornet for 3 turns
  5151 | D:7      | Reached skill level 11 in Axes
  5331 | D:7      | Found a shadowy altar of Dithmenos.
  5532 | D:8      | Found a flagged portal.
  5549 | Bailey   | Entered a bailey
  5867 | D:9      | Noticed a troll
  5877 | D:9      | Killed a troll
  5991 | D:9      | Reached skill level 12 in Axes
  6004 | D:9      | Reached XP level 10. HP: 71/91 MP: 9/9
  6115 | D:9      | Reached ***** piety under Trog
  6255 | D:9      | Received a gift from Trog
  6258 | D:9      | Reached skill level 5 in Dodging
  6432 | D:9      | Reached skill level 13 in Axes
  6480 | D:9      | Noticed a two-headed ogre
  6492 | D:9      | Killed a two-headed ogre
  6492 | D:9      | Reached skill level 10 in Fighting
  6771 | D:10     | Entered Level 10 of the Dungeon
  6901 | D:10     | Found a portal to a secret trove of treasure.
  6991 | D:10     | Reached XP level 11. HP: 101/101 MP: 10/10
  7103 | D:10     | Received a gift from Trog
  7108 | D:10     | Reached skill level 14 in Axes
  7215 | D:10     | Reached skill level 10 in Armour
  7363 | D:10     | Found a transporter.
  7365 | D:10     | Noticed a glowing orange brain
  7366 | D:10     | Found a transporter.
  7366 | D:10     | Noticed a great orb of eyes
  7381 | D:10     | Killed a great orb of eyes
  7386 | D:10     | Killed a glowing orange brain
  8217 | D:11     | Found a frozen archway.
  8240 | D:11     | Reached skill level 15 in Axes
  8255 | IceCv    | Entered an ice cave
  8377 | IceCv    | Got a twisted hat
  8440 | IceCv    | HP: 3/102 [ice devil (6)]
  8444 | IceCv    | Slain by an ice devil

Skill      XL: |  1  2  3  4  5  6  7  8  9 10 11 |
---------------+----------------------------------+-----
Fighting       | 5 6 7 9 10 11 | 11.5
Axes           | 5 6 8 10 12 13 15 | 15.1
Armour         | 3 4 5 6 8 9 10 | 10.8
Dodging        | 3 4 5 |  5.4

Action                   |  1- 3 |  4- 6 |  7- 9 | 10-12 || total
-------------------------+-------+-------+-------+-------++-------
Melee: Hand axe          |    47 |   138 |   298 |   275 ||   758
       Headbutt          |     2 |    20 |    58 |    89 ||   169
       Broad axe         |       |       |       |    88 ||    88
Invok: Berserk           |     1 |     2 |     5 |     3 ||    11
       Trog's Hand       |       |       |     1 |     1 ||     2
  Use: Scroll            |     4 |     6 |     6 |     3 ||    19
       Potion            |       |     3 |     1 |     1 ||     5
  Eat: Chunk             |       |     3 |    11 |    10 ||    24
       Ration            |       |     1 |     2 |     1 ||     4
Armor: Animal skin       |     9 |       |       |       ||     9
       Scale mail        |     1 |    37 |       |       ||    38
       Chain mail        |       |     9 |   174 |   207 ||   390
Dodge: Dodged            |    33 |    60 |   152 |   172 ||   417
